 Dungeon Crawl Stone Soup version 0.30-a0-760-g5a9884bb7c (webtiles) character file.

Game seed: 6276784036245618942

633 Leeroy the Slasher (level 7, -2/34 HPs)
             Began as a Vine Stalker Warper on Feb 10, 2023.
             Killed by divine providence
             ... invoked by an orc priest
              (8 damage)
             ... on level 6 of the Dungeon.
             The game lasted 00:04:02 (3312 turns).

Leeroy the Slasher (Vine Stalker Warper)            Turns: 3312, Time: 00:04:02

Health: -2/34      AC:  4    Str: 14    XL:     7   Next: 49%
Magic:  0/11       EV: 11    Int: 13    God:
Gold:   240        SH:  0    Dex: 15    Spells: 10/10 levels left

rFire   . . .      SeeInvis +    a - +0 falchion
rCold   . . .      Faith    .    (no shield)
rNeg    + . .      Spirit   +    b - +0 leather armour
rPois   .          Reflect  .    (no helmet)
rElec   .          Harm     .    (no cloak)
rCorr   .          Rampage  .    r - +0 pair of gloves
Will    .....                    (no boots)
Stlth   +                        (no amulet)
HPRegen 1.05/turn                o - ring of positive energy
MPRegen 0.12/turn                p - ring of see invisible

@: no status effects
A: fangs 2, regeneration 1, magic shield, antimagic bite, no potion heal 2
a: no special abilities


You were on level 6 of the Dungeon.
You visited 1 branch of the dungeon, and saw 7 of its levels.

You collected 240 gold pieces.

Inventory:

Hand Weapons
 a - a +0 falchion (weapon)
 i - a +0 dagger of freezing
 n - the +1 whip of the Asp {freeze, rPois rN+++ Will- Dex+5}
   (You found it on level 2 of the Dungeon)

   Dex:       It affects your dexterity (+5).
   rPois:     It protects you from poison.
   rN:        It renders you almost immune to negative energy.
   Will:      It decreases your willpower.
Missiles
 d - 7 boomerangs of dispersal (quivered)
Armour
 b - a +0 leather armour (worn)
 r - a +0 pair of gloves (worn)
Jewellery
 o - a ring of positive energy (left hand)
 p - a ring of see invisible (right hand)
 u - a ring of ice
Scrolls
 c - 2 scrolls of blinking
 g - a scroll of amnesia {unknown}
 j - 4 scrolls of teleportation {unknown}
 k - a scroll of enchant weapon {unknown}
 l - a scroll of immolation {unknown}
 s - a scroll of silence {unknown}
Potions
 e - a potion of haste {unknown}
 f - 2 potions of flight {unknown}
 h - 2 potions of brilliance {unknown}
 m - a potion of invisibility {unknown}
 q - 3 potions of curing {unknown}
 t - a potion of mutation {unknown}
 v - 2 potions of lignification {unknown}
 w - a potion of might


   Skills:
 - Level 1.7 Fighting
 + Level 7.4 Long Blades
 - Level 0.8 Throwing
 - Level 0.7 Armour
 - Level 1.5 Dodging
 - Level 2.1 Spellcasting
 - Level 3.0 Translocations


You had 10 spell levels left.
You didn't know any spells.
Your spell library contained the following spells:

 Spells                   Type           Power      Damage    Failure   Level
 Blink                    Tloc           18%        N/A       14%         2
 Lesser Beckoning         Tloc           18%        N/A       14%         2
 Teleport Other           Tloc           9%         N/A       28%         3
 Vhi's Electric Charge    Tloc/Air       10%        N/A       45%         3
 Manifold Assault         Tloc           9%         N/A       67%         4


Dungeon Overview and Level Annotations

Branches:
Dungeon (7/15)
 Temple: D:4-7

Altars:
Makhleb
Ru

Shops:
D:3 :

Annotations:
D:4 3 runed translucent doors, derval's ghost, amateur OpSu


Innate Abilities, Weirdness & Mutations

You have extremely sharp teeth.
Your natural rate of healing is unusually fast.
When hurt, damage is shared between your health and your magic reserves.
Your bite disrupts and absorbs the magic of your enemies.
Potions cannot restore your health.


Message History

You bite the orc priest, but do no damage.
The orc priest is moderately wounded.
The orc barely misses you. The orc priest hits you with a +0 whip.
The orc hits you with a +0 flail. The orc hits you with a +0 short sword.
You are too injured to fight recklessly!
You are too injured to fight recklessly!
You are too injured to fight recklessly!
You are too injured to fight recklessly!
You are too injured to fight recklessly!
The orc priest mumbles some strange prayers to Beogh against you.
Beogh smites you!
* * * LOW HITPOINT WARNING * * *
The orc completely misses you.
Items here: ))))) [[[ †††††.
The orc attacks as you move away! The orc closely misses you.
You hit the orc.
The orc is heavily wounded.
The orc hits you with a +0 short sword.
* * * LOW HITPOINT WARNING * * *
You hit the orc. You bite the orc.
You kill the orc!
The orc priest looks satisfied for a moment.
You hit the orc. You bite the orc. You drain its power.
You feel invigorated.
The orc is severely wounded.
The orc hits you with a +0 short sword.
* * * LOW HITPOINT WARNING * * *
You completely miss the orc.
The orc is severely wounded.
The orc hits you but does no damage.
You hit the orc.
The orc is almost dead.
You slash the orc!
You kill the orc!
You hit the orc. Your bite misses the orc.
The orc is heavily wounded.
The orc hits you with a +0 flail.
* * * LOW HITPOINT WARNING * * *
The orc priest calls down the wrath of Beogh upon you.
Beogh smites you!
You die...

##.# #.......# #.#
#..####.# #.#
#..####.# #+# #.#
#....##)# #.# #.#
#.##.##.#
#.######## #.#
#.##.##.#
##..o...o.. #.#
#.......#
##...####### #.#
####.########.....#
#.#
#...@oo..##...##
##.#
######<.......#
...# #.#.###..#
#### #.#......#
#.#####.## #.# #.#
#.. ..# ### #.# .#


You could see an orc priest and an orc.

Vanquished Creatures
  Sigmund (D:6)
  2 bullfrogs (D:6)
  A howler monkey (D:6)
  3 hounds
  An iguana (D:6)
  2 orc wizards (D:6)
  3 adders
  A river rat (D:4)
  4 worms
  A dart slug (D:1)
  10 orcs
  9 ball pythons
  5 bats
  7 endoplasms
  3 giant cockroaches
  8 goblins
  8 hobgoblins
  2 quokkas
  3 frilled lizards
  5 kobolds (D:1)
  5 rats
84 creatures vanquished.

Vanquished Creatures (others)
  4 plants
4 creatures vanquished.

Grand Total: 88 creatures vanquished

Notes
Turn   | Place    | Note
-------+----------+-------------------------------------------
     0 | D:1      | Leeroy the Vine Stalker Warper began the quest for the Orb.
     0 | D:1      | Reached XP level 1. HP: 11/11 MP: 4/4
    34 | D:1      | Reached skill level 2 in Long Blades
   107 | D:1      | Reached XP level 2. HP: 12/15 MP: 4/6
   166 | D:1      | Found a faded altar of an unknown god.
   245 | D:1      | Reached skill level 3 in Long Blades
   347 | D:1      | Reached XP level 3. HP: 18/18 MP: 7/7
  1082 | D:2      | Identified the +1 whip of the Asp {freeze, rPois rN+++
                  | Will- Dex+5}
  1275 | D:2      | Found a burning altar of Makhleb.
  1286 | D:2      | Gained mutation: Your natural rate of healing is unusually
                  | fast. [Vine Stalker growth]
  1286 | D:2      | Reached XP level 4. HP: 23/23 MP: 6/8
  1738 | D:2      | Reached skill level 4 in Long Blades
  1892 | D:3      | Found Vixosh's Book Boutique.
  2423 | D:3      | Found a sacrificial altar of Ru.
  2644 | D:4      | Found a runed translucent gate.
  2644 | D:4      | Found a runed translucent gate.
  2645 | D:4      | Found a runed translucent gate.
  2652 | D:4      | Reached XP level 5. HP: 26/26 MP: 6/9
  2709 | D:4      | Noticed an ice beast
  2710 | D:4      | Noticed derval's ghost (amateur OpSu)
  2846 | D:4      | You fall into a shaft and drop 3 floors!
  2902 | D:6      | Reached skill level 5 in Long Blades
  2998 | D:6      | Reached XP level 6. HP: 11/30 MP: 5/10
  3006 | D:6      | Reached skill level 6 in Long Blades
  3194 | D:6      | Noticed Sigmund
  3203 | D:6      | Killed Sigmund
  3204 | D:6      | Reached skill level 7 in Long Blades
  3204 | D:6      | Reached XP level 7. HP: 18/34 MP: 8/11
  3273 | D:5      | Entered Level 5 of the Dungeon
  3312 | D:6      | Killed from afar by an orc priest

Illustrated notes

Levels and vault maps discovered:
D:1:      dpeg_arrival_pond, layout_basic, nicolae_ecumenical_snake_handling,
          chequers_decorated_corner, minmay_misc_feat_alley, minmay_hexomino_f4
D:2:      layout_basic, basic_altar, serial_forest, infiniplex_forest_fountain,
          infiniplex_forest_clump_medium, infiniplex_forest_lined_3_way,
          infiniplex_forest_lined_room_2, infiniplex_forest_clump_curved,
          infiniplex_forest_end_1, infiniplex_forest_clump_cross,
          infiniplex_forest_straight_2, infiniplex_forest_zigzag_1
D:3:      layout_basic, mainiacjoe_overflow_alcove_1, serial_shops, shop
D:4:      layout_basic, gammafunk_ghost_icy, portal_sewer_entry_e, uniq_duvessa,
          uniq_natasha, uniq_ijyb
D:5:      layout_rooms, makhleb_grotto_becter, old_standard_altar,
          serial_bayou_pond_a, st_stairs_6, amethyst_killhole
D:6:      layout_loops_corners, uniq_sigmund
D:7:      layout_basic, minmay_temple_entry_butterflies, uniq_joseph

Skill      XL: |  1  2  3  4  5  6 |
---------------+-------------------+-----
Long Blades    | 2 3 4 5 7 |  7.4
Fighting       | |  1.7
Throwing       | |  0.8
Armour         | |  0.7
Dodging        | |  1.5
Spellcasting   | |  2.1
Translocations | |  3.0

Action                     |  1- 3 |  4- 6 |  7- 9 || total
---------------------------+-------+-------+-------++-------
  Melee: Falchion          |   116 |   158 |    27 ||   301
         Bite              |    22 |    49 |    12 ||    83
         Punch             |       |       |     1 ||     1
   Stab: Sleeping          |     1 |     2 |       ||     3
 Armour: Leather armour    |    34 |    36 |     5 ||    75
  Dodge: Dodged            |    87 |   102 |    12 ||   201

Table legend: (Time is in decaauts)
 A = Elapsed time spent in this place.
 B = Non-inter-level travel time spent in this place.
 C = Inter-level travel time spent in this place.
 D = Time resting spent in this place.
 E = Time spent auto-exploring this place.
 F = Levels seen in this place.
 G = Mean time per level.
                   A        B        C        D        E       F      G
               +--------+--------+--------+--------+--------+-----+--------+
         Total |   3338 |   3266 |     72 |     12 |   2590 |   7 |  476.9 |
       Dungeon |   3338 |   3266 |     72 |     12 |   2590 |   7 |  476.9 |
               +--------+--------+--------+--------+--------+-----+--------+

Top non-repeatable levels by time:
     D:2: 945 daAuts
     D:3: 886 daAuts
     D:1: 705 daAuts
     D:6: 422 daAuts
     D:4: 335 daAuts
     D:7: 38 daAuts
     D:5: 5 daAuts
